AoeStats
← Iguano Pop

Nomad

506590224Analyzed
2v2 RM · 18d ago on Sep 14, 2026· 46m 37s· 4 players
Game mode
Random Map
Map size
176×176
Population
200
Speed
Normal
Resources
Standard
Victory
Conquest
Starting age
Dark Age
Ending age
Imperial Age
RankedLock teamsTeams togetherTeam positionsShared explorationLock speedFull tech treeHidden civsTurbo modeCheats
Victory
Defeat
🇬🇧 Mapuche · United Kingdom
1526
+11
🇲🇽 Lithuanians · Mexico
1296
+20
🇺🇸 Wu · United States
1410
-16
🇺🇸 Turks · United States
1379
-15
pancomido3
4:31 Loom
12:30 Feudal Age
16:27 Castle Age
14:27 Double-Bit Axe
15:20 Fletching
17:26 Gold Mining
18:29 Bow Saw
18:53 Horse Collar
21:16 Bodkin Arrow
21:50 Padded Archer Armor
25:05 Ballistics
25:56 Leather Archer Armor
29:02 Wheelbarrow
32:42 Town Watch
37:14 Imperial Age
38:57 Heavy Cavalry Archer
43:37 Two-Man Saw
43:46 Heavy Plow
45:33 Bracer
45:41 Thumb Ring
46:03 Parthian Tactics
TaNa
5:22 Loom
13:35 Feudal Age
17:00 Castle Age
20:07 Wheelbarrow
22:58 Fletching
24:04 Bodkin Arrow
NarKofer
4:15 Loom
14:37 Feudal Age
18:25 Castle Age
17:49 Town Watch
19:13 Gold Mining
19:10 Double-Bit Axe
20:01 Forging
25:33 Medium Warships
30:06 Fletching
35:58 Horse Collar
37:27 Wheelbarrow
37:35 Fishing Lines
41:06 Imperial Age
39:09 Bow Saw
39:03 Heavy Plow
41:09 Hand Cart
42:08 Conscription
41:09 Elite Kona
41:57 Butalmapu
43:35 Iron Casting
Iguano Pop
12:38 Loom
15:17 Feudal Age
19:42 Castle Age
17:35 Fletching
17:40 Double-Bit Axe
19:57 Gold Mining
20:01 Stone Mining
26:34 Forging
28:40 Hill Forts
30:18 Bow Saw
31:22 Gold Mining
34:48 Imperial Age
37:41 Wheelbarrow
40:14 Hand Cart
39:45 Town Watch
40:18 Bodkin Arrow
41:49 Chemistry
42:10 Bracer
43:04 Conscription
44:17 Scale Barding Armor
45:28 Masonry
45:49 Chain Barding Armor
46:28 Town Patrol
47:47 Two-Man Saw
47:27 Stone Shaft Mining
46:26 Elite Leitis
Connection lost

Rejoining the realm…

Still unreachable

The connection could not be restored.

Session expired

The server has moved on; the page needs a fresh start.